 Dungeon Crawl Stone Soup version 0.28.0-53-g5a82cb258f (webtiles) character file.

Game seed: 5389442399389081422

59 soggyman666 the Magician (level 4, -6/31 HPs)
             Began as a Djinni Fire Elementalist on May 24, 2022.
             Mangled by Natasha (9 damage)
             ... on level 2 of the Dungeon.
             The game lasted 00:07:38 (2520 turns).

soggyman666 the Magician (Djinni Fire Elementalist) Turns: 2520, Time: 00:07:38

Health: -6/31      AC:  2    Str:  7    XL:     4   Next: 22%
Gold:   63         EV: 13    Int: 19    God:
                   SH:  0    Dex: 13

rFire   + + .      SeeInvis .   (no weapon)
rCold   x . .      Faith    .   (no shield)
rNeg    . . .      Spirit   .   a - +0 robe
rPois   ∞          Reflect  .   (no helmet)
rElec   .          Harm     .   (no cloak)
rCorr   .          Rampage  .   (no gloves)
Will    .....                   (boots unavailable)
Stlth   ++........              (no amulet)
HPRegen 0.10/turn               (no ring)
MPRegen 0.00/turn               (no ring)

@: flying, very slightly contaminated
A: sickness immunity, fire resistance 2, cold vulnerability 1, float, innate
caster, HP casting, extra vitality 1
a: no special abilities


You were on level 2 of the Dungeon.
You visited 1 branch of the dungeon, and saw 3 of its levels.

You collected 63 gold pieces.

Inventory:

Missiles
 f - 45 stones
Armour
 a - a +0 robe (worn)
Scrolls
 b - a scroll of immolation
 e - 2 scrolls of identify {unknown}
 g - a scroll of teleportation {unknown}
Potions
 c - a potion of berserk rage {unknown}
 d - a potion of attraction {unknown}


   Skills:
 + Level 3.1 Dodging
 + Level 1.7 Stealth
 + Level 3.3 Spellcasting


You couldn't memorise any spells.
You knew the following spells:

 Your Spells              Type           Power      Damage    Failure   Level
a - Foxfire               Conj/Fire      60%        2x1d7     3%          1
b - Scorch                Fire           30%        2d7       5%          2
c - Conjure Flame         Conj/Fire      15%        6-21      11%         3
d - Inner Flame           Hex/Fire       15%        N/A       11%         3
e - Flame Wave            Conj/Fire      15%        2d6       36%         4
f - Sandblast             Erth           30%        2d9       3%          1
Your spell library was empty.

Dungeon Overview and Level Annotations

Branches:
Dungeon (3/15)

Altars:

Annotations:
D:2 Ijyb, Natasha


Innate Abilities, Weirdness & Mutations

You are immune to sickness and miasma.
You are immune to poison.
Your flesh is very heat resistant. (rF++)
You are vulnerable to cold. (rC-)
You float through the air rather than walking.
You learn spells naturally, not from books.
Your magical power is your life essence.
You have superior vitality. (+4 MHP)


Message History

Natasha closely misses you. Ijyb closely misses you.
You conjure some foxfire!
Natasha casts a spell.
Ijyb closely misses you.
There is not enough space to conjure foxfire!
There is not enough space to conjure foxfire!
There is not enough space to conjure foxfire!
Unknown command.
Unknown command.
There is not enough space to conjure foxfire!
The foxfire hits Ijyb.
Ijyb is almost dead.
The foxfire hits Natasha.
Natasha is moderately wounded.
The giant cockroach barely misses you. Natasha claws you!
Ijyb hits you with a +0 dagger.
You fly upwards.
The shadow imp disappears in a puff of smoke!
There is a stone staircase leading down here.
You are too injured to fight recklessly!
Natasha stares at you and mumbles some strange words.
You resist with some effort. The giant cockroach closely misses you.
Ijyb screams, "Get away!"
Ijyb hits you with a +0 dagger.
* * * LOW HITPOINT WARNING * * *
Ijyb hits you with a +0 dagger.
* * * LOW HITPOINT WARNING * * *
Natasha mumbles some strange words.
There are monsters nearby!
Casting: Foxfire (safe; 3% risk of failure)
Confirm with . or Enter, or press ? or * to list all spells.
You miscast Scorch.
You are very lightly contaminated with residual magic.
Nothing appears to happen.
* * * LOW HITPOINT WARNING * * *
The giant cockroach bites you but does no damage.
Ijyb barely misses you. The giant cockroach barely misses you.
Natasha claws you!
You die...

#.# #.# #..#.......###..# #.# #.#
#.#.......## ##.# ##.# #.#
#.#.......# #.# #..# #.#
#.#.......# #.# #.## #.#
#.##.....#### #.. ..# #.#
#.#.........##### .## #.#
##.#<......#..#### ## #.#
#..#.......##...## # #.#
#@###.....#####... #.# #h#
##...## #### #.###B######## # ##
#>##..g.# # .# #.##.5..# # [#
###.##....# # .#
#.<.##.>..##############
.#########.####........<.........
......##...# #....##############


You could see Ijyb, an iron imp (summoned), Natasha and a giant cockroach.

Vanquished Creatures
  2 adders (D:2)
  3 dart slugs
  3 endoplasms
  A giant cockroach (D:2)
  4 hobgoblins (D:1)
  4 kobolds
  A quokka (D:1)
  A ball python (D:1)
  6 bats
  4 frilled lizards (D:1)
  6 goblins
  A rat (D:1)
36 creatures vanquished.

Vanquished Creatures (others)
  68 foxfires
68 creatures vanquished.

Grand Total: 104 creatures vanquished

Notes
Turn   | Place    | Note
-------+----------+-------------------------------------------
     0 | D:1      | soggyman666 the Djinni Fire Elementalist began the quest
                  | for the Orb.
     0 | D:1      | Reached XP level 1. HP: 15/15 MP: 0/0
   429 | D:1      | Reached XP level 2. HP: 17/21 MP: 0/0
  1104 | D:1      | Reached XP level 3. HP: 23/25 MP: 0/0
  1104 | D:1      | Learned a level 1 spell: Sandblast
  1866 | D:2      | Reached XP level 4. HP: 23/31 MP: 0/0
  2504 | D:3      | Noticed Natasha
  2504 | D:3      | Noticed Ijyb
  2520 | D:2      | Mangled by Natasha

Illustrated notes

Levels and vault maps discovered:
D:1:      minmay_arrival_three_doors, layout_basic
D:2:      layout_rooms
D:3:      cheibrodos_fertilizer, layout_basic, gammafunk_ghost_abyssal_escape,
          chequers_ecumenical_altar_island, minmay_gold_behind_fungi,
          uniq_natasha, uniq_ijyb

Skill      XL: |  1  2  3 |
---------------+----------+-----
Spellcasting   | 3 |  3.3
Dodging        | 3 |  3.1
Stealth        | |  1.7

Action                   |  1- 3 |  4- 6 || total
-------------------------+-------+-------++-------
Melee: Unarmed           |     1 |       ||     1
 Cast: Foxfire           |    40 |     8 ||    48
       Scorch            |    15 |     3 ||    18
  Use: Scroll            |     1 |       ||     1
Armor: Robe              |     2 |     1 ||     3
Dodge: Dodged            |     9 |     9 ||    18
